 Dungeon Crawl Stone Soup version 0.22-a0-614-g34fbaa0 (webtiles) character file.

5699 JeffiDaFish the Thaumaturge (level 10, -3/51 HPs)
             Began as a Deep Elf Fire Elementalist on July 9, 2018.
             Was a Follower of Sif Muna.
             Killed by the air
             ... invoked by Gastronok
              (30 damage)
             ... on level 9 of the Dungeon on July 18, 2018.
             The game lasted 00:30:10 (8780 turns).

JeffiDaFish the Thaumaturge (DEFE)                  Turns: 8780, Time: 00:30:11

Health: -3/51      AC: 15    Str:  1    XL:     10   Next: 48%
Magic:  26/36      EV: 16    Int: 24    God:    Sif Muna [*.....]
Gold:   485        SH:  7    Dex: 15    Spells: 19/32 levels left

rFire    . . .     SeeInvis +   m - +10 hand axe "Caitt" {elec, rN++ MP+9 Str-4 SInv}
rCold    . . .     Gourm    .   j - +2 buckler {AC+3}
rNeg     + + .     Faith    .   o - +2 robe {MR+}
rPois    .         Spirit   .   n - +2 helmet
rElec    .         Reflect  .   y - +2 cloak {MR+}
rCorr    .         Harm     .   r - +1 pair of gloves
MR       +++..                  (no boots)
Stlth    ++........             b - amulet of rage
HPRegen  0.17/turn              h - ring of see invisible
MPRegen  0.25/turn              z - ring of wizardry

@: very slightly contaminated
A: no striking features
a: Divine Energy, Renounce Religion, Evoke Berserk Rage


You were on level 9 of the Dungeon.
You worshipped Sif Muna.
Sif Muna was aware of your devotion.
You were not hungry.

You visited 2 branches of the dungeon, and saw 10 of its levels.

You collected 485 gold pieces.

Inventory:

Hand Weapons
 d - a +1 dagger
 m - the +10 hand axe "Caitt" (weapon) {elec, rN++ MP+9 Str-4 SInv}
   (You found it on level 5 of the Dungeon)

   Occasionally, upon striking a foe, it will discharge some electrical energy
   and cause terrible harm.
   It affects your strength (-4).
   It greatly protects you from negative energy.
   It affects your magic capacity (+9).
   It lets you see invisible.
Armour
 j - a +2 buckler of protection (worn)
 n - a +2 helmet (worn)
 o - a +2 robe of magic resistance (worn)
 r - a +1 pair of gloves (worn)
 y - a +2 cloak of magic resistance (worn)
Jewellery
 b - an amulet of rage (around neck)
 h - a ring of see invisible (left hand)
 z - a ring of wizardry (right hand)
Wands
 k - a wand of enslavement (3)
 l - a wand of polymorph (31)
 x - a wand of flame (32)
Scrolls
 f - 5 scrolls of teleportation
 v - a scroll of fear
 w - a scroll of remove curse
Potions
 e - 4 potions of curing
 i - 2 potions of haste
 q - 2 potions of brilliance
 s - a potion of resistance
 t - 2 potions of heal wounds {unknown}
 u - a potion of invisibility
Comestibles
 a - 2 chunks of flesh
 c - 20 rations


   Skills:
 - Level 0.4 Fighting
 - Level 1.0 Short Blades
 + Level 6.0 Dodging
 - Level 3.2 Stealth
 - Level 4.5 Shields
 * Level 11.5 Spellcasting
 * Level 7.1 Conjurations
 * Level 9.9 Fire Magic


You had 19 spell levels left.
You knew the following spells:

 Your Spells              Type           Power        Failure   Level  Hunger
a - Flame Tongue          Conj/Fire      #####        1%          1    None
b - Conjure Flame         Conj/Fire      ######..     1%          3    None
c - Sticky Flame          Conj/Fire      ######..     1%          4    None
d - Fireball              Conj/Fire      ######....   1%          5    ####...

Your spell library contained the following spells:

 Spells                   Type           Power        Failure   Level  Hunger
 Throw Flame              Conj/Fire      ######       1%          2    None
 Summon Small Mammal      Summ           ##..         1%          1    None
 Summon Ice Beast         Ice/Summ       ##......     17%         4    None
 Call Imp                 Summ           ##......     2%          2    None
 Call Canine Familiar     Summ           ##......     6%          3    None
 Inner Flame              Hex/Fire       #####...     1%          3    None
 Summon Lightning Spire   Summ/Air       ##......     17%         4    None
 Summon Guardian Golem    Hex/Summ       ##......     6%          3    None


Dungeon Overview and Level Annotations

Branches:
Dungeon (9/15)             Temple (1/1) D:7
   Lair: D:8-11         Orc: D:9-12

Altars:
Ashenzari
Cheibriados
Dithmenos
Elyvilon
Fedhas
Gozag
Hepliaklqana
Kikubaaqudgha
Makhleb
Nemelex Xobeh
Okawaru
Qazlal
Ru
Sif Muna
Trog
Uskayaw
Vehumet
Wu Jian
Xom
Yredelemnul
Zin
The Shining One

Shops:
D:5 %

Annotations:
D:7 3 runed doors, vinnietd's ghost, novice GnWn
D:9 Gastronok


Message History

Gastronok is too close now for your liking.
Casting: Fireball (safe; 1% risk of failure)
Confirm with . or Enter, or press ? or * to list all spells.
Aiming: Fireball (safe; 1% risk of failure)
Press: ? - help, Shift-Dir - straight line, f - Gastronok
Aim: Gastronok, wearing the +3 hat of Pondering {ponderous, MR+ MP+10 Int+5} You miscast Fireball.
You are very lightly contaminated with residual magic.
Sparks fly from your hands!
Casting: Fireball (safe; 1% risk of failure)
Confirm with . or Enter, or press ? or * to list all spells.
Aiming: Fireball (safe; 1% risk of failure)
Press: ? - help, Shift-Dir - straight line, f/p - Gastronok
Aim: Gastronok, wearing the +3 hat of Pondering {ponderous, MR+ MP+10 Int+5} The fireball explodes!
The fireball engulfs Gastronok.
Gastronok is lightly wounded.
Gastronok waves his eye-stalks in wide circles.
The air twists around and strikes you!
Ouch! That really hurt!
You die...

.. w . ##. #.... #.#
#.#...# #######.#
#.#.... ........# #
#.#.#.##########w##.##
#.#.#.........@......#.
#.#.#.........#$........
#.#.#....##.##...###.#.#
#.#.#.......#..### # #[#
.#.. #........##.#...
#.##.# .
#.#.#..#.##.#.####
###.##.# .
#.#.#............
..#....# .
#.#.#..#..#.....
#.#....# #
###.#..#..#...# #.#....#
#


You could see Gastronok.

Vanquished Creatures
  A two-headed ogre (D:8)
  Maurice (D:8)
  Joseph (D:7)
  Grinder (D:3)
  A hippogriff (D:7)
  A hornet (D:7)
  A hungry ghost (D:3)
  Menkaure (D:5)
  Duvessa (D:7)
  2 orc warriors
  3 sky beasts
  A black bear (D:6)
  An ice beast (D:6)
  4 ogres
  2 phantoms
  2 centaurs
  4 bullfrogs
  A gnoll sergeant (D:8)
  2 scorpions
  Dowan (D:7)
  A wyvern skeleton (D:7)
  7 killer bees (D:8)
  3 crimson imps
  4 bullfrog skeletons
  7 hounds
  An orc priest (D:7)
  Ijyb (D:5)
  5 iguanas
  9 orc wizards
  8 worker ants
  A hound zombie (D:8)
  A hound skeleton (D:5)
  7 gnolls
  A howler monkey skeleton (D:8)
  10 adders
  An ooze (D:4)
  An adder zombie (D:8)
  2 adder skeletons
  2 worms
  6 dart slugs
  5 leopard geckos
  18 orcs
  A ball python (D:3)
  6 bats
  6 giant cockroaches
  16 goblins
  13 hobgoblins
  5 jackals (D:1)
  11 quokkas
  7 frilled lizards
  10 kobolds
  A leopard gecko skeleton (D:6)
  9 rats
218 creatures vanquished.

Notes
Turn   | Place    | Note
-------+----------+-------------------------------------------
     0 | D:1      | JeffiDaFish the Deep Elf Fire Elementalist began the quest for the Orb.
     0 | D:1      | Reached XP level 1. HP: 10/10 MP: 6/6
   203 | D:1      | Reached XP level 2. HP: 10/15 MP: 0/8
  1025 | D:1      | Reached XP level 3. HP: 16/19 MP: 8/10
  1682 | D:2      | Noticed a phantom
  1707 | D:2      | Learned a level 3 spell: Conjure Flame
  2020 | D:2      | Found a sparkling altar of Nemelex Xobeh.
  2123 | D:2      | Killed a phantom
  2123 | D:2      | Reached skill level 1 in Short Blades
  2123 | D:2      | Reached skill level 4 in Spellcasting
  2123 | D:2      | Reached XP level 4. HP: 6/24 MP: 0/12
  2123 | D:2      | Reached XP level 5. HP: 7/28 MP: 0/13
  2227 | D:2      | Learned a level 4 spell: Sticky Flame
  2865 | D:3      | Found a burning altar of Makhleb.
  2920 | D:3      | Noticed a hungry ghost
  2946 | D:3      | Killed a hungry ghost
  2946 | D:3      | Reached skill level 5 in Spellcasting
  2946 | D:3      | Reached XP level 6. HP: 29/33 MP: 0/16
  3242 | D:3      | Reached skill level 5 in Fire Magic
  3302 | D:3      | Found a blossoming altar of Fedhas.
  3331 | D:3      | Upgraded the game from 0.22-a0-608-g8a62e23 to 0.22-a0-614-g34fbaa0
  3364 | D:3      | Noticed Grinder
  3375 | D:3      | Killed Grinder
  3375 | D:3      | Reached skill level 6 in Spellcasting
  3375 | D:3      | Reached XP level 7. HP: 26/37 MP: 5/18
  3855 | D:3      | Learned a level 5 spell: Fireball
  4294 | D:4      | Reached skill level 7 in Spellcasting
  4581 | D:4      | Found an ancient bone altar of Kikubaaqudgha.
  4633 | D:4      | Found a snail-covered altar of Cheibriados.
  4757 | D:5      | Entered Level 5 of the Dungeon
  5009 | D:5      | Got a shimmering hand axe
  5010 | D:5      | Identified the +10 hand axe "Caitt" {elec, rN++ MP+9 Str-4 SInv} (You found it on level 5 of the Dungeon)
  5028 | D:5      | Noticed Ijyb
  5044 | D:5      | Killed Ijyb
  5157 | D:5      | Noticed Menkaure
  5164 | D:5      | Killed Menkaure
  5164 | D:5      | Reached skill level 5 in Dodging
  5164 | D:5      | Reached XP level 8. HP: 42/42 MP: 14/21
  5193 | D:5      | Found a sacrificial altar of Ru.
  5250 | D:5      | Found Zuosacsi's Food Shop.
  5490 | D:6      | Reached skill level 8 in Spellcasting
  5877 | D:6      | Reached skill level 1 in Shields
  5969 | D:6      | Found an iron altar of Okawaru.
  6051 | D:6      | Reached skill level 5 in Conjurations
  6429 | D:7      | Found a hide-covered altar of Uskayaw.
  6429 | D:7      | Found a white marble altar of Elyvilon.
  6430 | D:7      | Found a shimmering altar of Xom.
  6430 | D:7      | Found a basalt altar of Yredelemnul.
  6468 | D:7      | Reached skill level 9 in Spellcasting
  6494 | D:7      | Found a hazy altar of Hepliaklqana.
  6520 | D:7      | Noticed Joseph
  6529 | D:7      | Reached XP level 9. HP: 46/46 MP: 24/24
  6600 | D:7      | Found a runed gate.
  6601 | D:7      | Found an opulent altar of Gozag.
  6601 | D:7      | Noticed vinnietd's ghost (novice GnWn)
  6602 | D:7      | Noticed a fire dragon
  6602 | D:7      | Noticed a cyclops
  6603 | D:7      | Found a runed gate.
  6603 | D:7      | Found a runed gate.
  6657 | D:7      | Killed Joseph
  6935 | D:7      | Found a staircase to the Ecumenical Temple.
  6941 | Temple   | Entered the Ecumenical Temple
  7371 | D:7      | Reached skill level 10 in Spellcasting
  7474 | D:7      | Noticed Dowan
  7475 | D:7      | Found a deep blue altar of Sif Muna.
  7476 | D:7      | Noticed Duvessa
  7477 | D:7      | Killed Dowan
  7487 | D:7      | Killed Duvessa
  7512 | D:7      | Became a worshipper of Sif Muna the Loreminder
  7740 | D:8      | Found a shadowy altar of Dithmenos.
  7820 | D:8      | Noticed Maurice
  7829 | D:8      | Killed Maurice
  7829 | D:8      | Reached XP level 10. HP: 51/51 MP: 3/26
  8051 | D:8      | Reached skill level 11 in Spellcasting
  8109 | D:8      | Noticed a two-headed ogre
  8119 | D:8      | Killed a two-headed ogre
  8119 | D:8      | Reached * piety under Sif Muna
  8271 | D:8      | Found a hazy altar of Hepliaklqana.
  8762 | D:9      | Noticed Gastronok
  8780 | D:9      | Killed from afar by Gastronok

Vault maps used:
D:1:      dpeg_arrival_arbitrary_b, corexii_leaking_fountain, minmay_cupped
D:2:      nicolae_overflow_hidden_temple, first_ration, minivault_5,
          minmay_tree_intersection, supply_closet_lemuel
D:3:      cheibrodos_greedy_goblins, lemuel_crystal_altar,
          nicolae_overflow_crystal_walls, kennysheep_generic_room_15,
          uniq_grinder
D:4:      marbit_many_paths, kennysheep_mini
D:5:      lemuel_ice_spiral_2, serial_shops, shop, basic_altar, uniq_menkaure,
          uniq_ijyb
D:6:      old_standard_altar, minivault_5
D:7:      led_sif_pool, overflow_temple_1_default,
          chequers_temple_overflow_statue_of_worship, temple_statues,
          ebering_ghost_gozag, uniq_duvessa, uniq_joseph
D:8:      grunt_dithmenos_smoke_and_mirrors, basic_altar, uniq_maurice
D:9:      uniq_gastronok
Temple:   compressed_dpeg_triangle_lava_temple

Skill      XL: |  1  2  3  4  5  6  7  8  9 10 |
---------------+-------------------------------+-----
Dodging        | 3 4 5 6 |  6.0
Short Blades   | 1 |  1.0
Stealth        | 3 |  3.2
Spellcasting   | 4 5 6 7 9 10 11 | 11.5
Conjurations   | 2 3 4 5 6 7 |  7.1
Fire Magic     | 4 5 6 7 9 |  9.9
Shields        | 1 4 |  4.5
Fighting       | |  0.4

Action                   |  1- 3 |  4- 6 |  7- 9 | 10-12 || total
-------------------------+-------+-------+-------+-------++-------
Melee: Unarmed           |     3 |       |       |       ||     3
       Dagger            |    78 |    41 |    33 |       ||   152
       Hand axe          |       |       |   101 |    69 ||   170
 Cast: Flame Tongue      |    92 |    48 |   107 |     1 ||   248
       Conjure Flame     |     3 |     1 |     2 |       ||     6
       Sticky Flame      |       |     4 |    20 |    10 ||    34
       Fireball          |       |       |    18 |     3 ||    21
  Use: Scroll            |     4 |     5 |     7 |     2 ||    18
       Potion            |     4 |     1 |     1 |       ||     6
 Stab: Sleeping          |     2 |     2 |    10 |     2 ||    16
  Eat: Chunk             |     4 |     5 |    17 |     4 ||    30
Armor: Robe              |    24 |    14 |    41 |    27 ||   106
Dodge: Dodged            |    95 |    45 |   125 |    33 ||   298
Block: Buckler           |       |       |    34 |    23 ||    57

Table legend:
 A = Spawn XP
 B = Non-spawn XP
 C = Spawn XP percentage of total XP
 D = Spawn monster count
 E = Non-spawn monster count
 F = Spawn count percentage of total count
 G = Total turns spent on level
                    A         B        C        D         E        F      G
               +---------+---------+-------+---------+---------+-------+---------
         Total |       0 |    8142 |   0.0 |       0 |     218 |   0.0 |  8780
               +---------+---------+-------+---------+---------+-------+---------
           D:1 |       0 |      57 |   0.0 |       0 |      32 |   0.0 |  1502
           D:2 |       0 |     211 |   0.0 |       0 |      27 |   0.0 |  1363
           D:3 |       0 |     634 |   0.0 |       0 |      39 |   0.0 |  1170
           D:4 |       0 |     324 |   0.0 |       0 |      14 |   0.0 |   722
           D:5 |       0 |     356 |   0.0 |       0 |       7 |   0.0 |   653
           D:6 |       0 |     888 |   0.0 |       0 |      19 |   0.0 |  1019
           D:7 |       0 |    2597 |   0.0 |       0 |      36 |   0.0 |   894
           D:8 |       0 |    2955 |   0.0 |       0 |      41 |   0.0 |   918
           D:9 |       0 |     120 |   0.0 |       0 |       3 |   0.0 |   194
               +---------+---------+-------+---------+---------+-------+---------
